Punishers vs River Rats
Created - 31 janvier 2013 at 19:03
Goals
|
| Punishers |
0 |
2 |
0 |
0 |
2 |
| River Rats |
0 |
1 |
1 |
1 |
3 |
|
Shots
|
| Punishers |
12 |
11 |
16 |
1 |
40 |
| River Rats |
18 |
10 |
13 |
1 |
42 |
|
1st period
No Goal
Penalties :
No Penalty
2nd period
1. River Rats , Tyler Bozak 10 (Mikael Renberg, Brett Maclean) at 5:45 (PP)
2. Punishers , Jassen Cullimore 5 (Marc-André Bergeron) at 10:37
3. Punishers , Petteri Nokelainen 6 (Jimmie Olvestad, Adam Pineault) at 13:13
Penalties :
Jimmie Olvestad (Pro) for Hooking (Minor) at 5:29, Jean-Luc Grand-Pierre (Pro) for High sticking (Minor) at 18:49
3rd period
4. River Rats , Jay Beagle 5 (Jonathan Ericsson, Trent Hunter) at 9:26
Penalties :
Mike Grier (Pro) for Roughing (Minor) at 2:13, Jassen Cullimore (Pro) for Tripping (Minor) at 10:00
Overtime #1
5. River Rats , Chris Mcallister 8 (Dustin Boyd, Andrej Meszaros) at 3:10
Penalties :
No Penalty
Goalie Stats
Karri Ramo (Pro), 39 saves from 42 shots - (0,929), OTL, 14-9-2, 63:10 minutes
Jeff Glass (Alb), 38 saves from 40 shots - (0,950), W, 10-14-3, 63:10 minutes
Players Stats for Punishers
Player Name G A P +/- PIM S H SB GA TA FO MP PP MP PK MP
------------------------------------------------------------------------------------
Adam McQuaid 0 0 0 0 0 0 2 1 0 0 0/0 13:46 0:00 2:46
Adam Pineault 0 1 1 1 0 1 1 0 1 0 1/1 12:22 0:00 0:00
Alyn McCauley 0 0 0 -1 0 3 2 1 0 0 7/15 17:57 0:00 3:27
Chris Conner 0 0 0 -1 0 1 3 1 1 0 0/0 16:19 0:00 1:02
Dave Bolland 0 0 0 0 0 2 1 1 0 0 12/25 20:15 0:00 0:54
Jassen Cullimore 1 0 1 0 2 2 1 4 0 3 0/0 26:32 0:00 2:55
Jean-Luc Grand-Pierre 0 0 0 -1 2 2 0 4 0 0 0/0 18:26 0:00 3:01
Jimmie Olvestad 0 1 1 1 2 4 3 0 1 1 1/1 16:03 0:00 2:29
Justin Falk 0 0 0 1 0 2 0 0 0 0 0/0 6:16 0:00 0:00
Kirk Maltby 0 0 0 -2 0 2 1 1 0 0 2/2 17:06 0:00 0:17
Kris Chucko 0 0 0 1 0 4 1 0 1 0 0/0 7:27 0:00 0:00
Marc-André Bergeron 0 1 1 0 0 3 2 1 1 2 0/0 26:52 0:00 1:52
Mark Fraser 0 0 0 -1 0 1 2 1 0 1 0/0 17:28 0:00 1:52
Mike Blunden 0 0 0 1 0 0 1 0 0 0 0/0 7:36 0:00 0:00
Mike Grier 0 0 0 0 2 3 2 0 0 0 0/4 21:30 0:00 2:30
Mike Weber 0 0 0 0 0 0 2 1 0 0 0/0 11:42 0:00 0:00
Petteri Nokelainen 1 0 1 1 0 4 0 0 0 0 2/8 12:59 0:00 0:21
Ryan White 0 0 0 1 0 2 0 0 0 0 0/4 9:12 0:00 1:26
Stu Bickel 0 0 0 1 0 0 0 0 0 0 0/0 6:16 0:00 0:00
Viktor Stalberg 0 0 0 -1 0 4 0 0 1 0 0/4 20:19 0:00 0:00
Players Stats for River Rats
Player Name G A P +/- PIM S H SB GA TA FO MP PP MP PK MP
------------------------------------------------------------------------------------
Andrej Meszaros 0 1 1 1 0 1 2 1 0 0 0/0 26:24 2:39 0:00
Benn Ferriero 0 0 0 0 0 4 0 0 0 0 5/6 12:17 0:00 0:00
Brett Maclean 0 1 1 0 0 1 0 0 0 1 0/2 17:51 2:55 0:00
Bryan Bickell 0 0 0 0 0 1 2 0 0 0 0/1 8:08 0:00 0:00
Bryan Rodney 0 0 0 -2 0 2 0 1 0 0 0/0 16:36 0:16 0:00
Chris Mcallister 1 0 1 0 0 3 1 0 0 2 0/0 23:31 3:18 0:00
Dustin Boyd 0 1 1 0 0 3 4 0 2 0 21/30 23:26 3:18 0:00
Jay Beagle 1 0 1 0 0 2 0 0 0 0 0/0 7:35 0:00 0:00
Jesse Joensuu 0 0 0 0 0 5 0 0 0 0 1/1 12:17 0:00 0:00
Jonathan Ericsson 0 1 1 2 0 1 1 1 0 0 0/0 25:33 3:18 0:00
Josh Meyers 0 0 0 -2 0 0 3 0 1 0 0/0 13:03 0:00 0:00
Kyle Chipchura 0 0 0 0 0 1 0 0 0 0 1/2 7:30 0:00 0:00
Lee Stempniak 0 0 0 -1 0 2 2 0 1 1 2/2 24:30 3:18 0:00
Martin Grenier 0 0 0 1 0 1 0 2 0 0 0/0 20:26 3:34 0:00
Mikael Renberg 0 1 1 0 0 4 0 0 1 1 0/0 17:37 2:55 0:00
Niklas Hjalmarsson 0 0 0 0 0 4 0 1 0 0 0/0 24:18 2:39 0:00
Trent Hunter 0 1 1 0 0 4 0 0 2 0 0/1 12:17 0:00 0:00
Tyler Bozak 1 0 1 0 0 3 1 2 0 1 9/19 19:21 2:55 0:00
3 Stars
1 - Jeff Glass (Alb)
2 - Petteri Nokelainen (Pro)
3 - Tyler Bozak (Alb)
Power Play
Punishers - 0 on 0 Attempt(s) - 0,00%
River Rats - 1 on 4 Attempt(s) - 25,00%
Penalty Kill
Punishers - 3 on 4 Attempt(s) - 75,00%
- Score 0 goal in Penalty Kill
River Rats - 0 on 0 Attempt(s) - 0,00%
- Score 0 goal in Penalty Kill
Official
Referees : Meier Brad and Kowal Tom
Linesman : Derek Amell and Don Henderson
Game Notes
No Game Note
Punishers
5 vs 5 Forward
Center Left Wing Right Wing Time % Phy DF OF
1 Dave Bolland Viktor Stalberg Mike Grier 40 1 2 2
2 Alyn McCauley Kirk Maltby Chris Conner 30 1 2 2
3 Petteri Nokelainen Jimmie Olvestad Adam Pineault 20 1 2 2
4 Ryan White Kris Chucko Mike Blunden 10 1 2 2
5 vs 5 Defense
Defense Defense Time % Phy DF OF
1 Marc-André Bergeron Jassen Cullimore 40 1 2 2
2 Mark Fraser Jean-Luc Grand-Pierre 30 1 2 2
3 Mike Weber Adam McQuaid 20 1 2 2
4 Justin Falk Stu Bickel 10 1 2 2
PowerPlay Forward
Center Left Wing Right Wing Time % Phy DF OF
1 Dave Bolland Kirk Maltby Mike Grier 60 1 2 2
2 Alyn McCauley Viktor Stalberg Chris Conner 40 1 2 2
PowerPlay Defense
Defense Defense Time % Phy DF OF
1 Jassen Cullimore Marc-André Bergeron 60 1 2 2
2 Jean-Luc Grand-Pierre Adam McQuaid 40 1 2 2
Penalty Kill 4 Players Forward
Center Wing Time % Phy DF OF
1 Mike Grier Alyn McCauley 60 1 2 2
2 Jimmie Olvestad Chris Conner 40 1 2 2
Penalty Kill 4 Players Defense
Defense Defense Time % Phy DF OF
1 Jassen Cullimore Jean-Luc Grand-Pierre 60 1 2 2
2 Mark Fraser Marc-André Bergeron 40 1 2 2
Penalty Kill - 3 Players Forward
Forward Time % Phy DF OF
1 Petteri Nokelainen 60 1 2 2
2 Alyn McCauley 40 1 2 2
Penalty Kill - 3 Players Defense
Defense Defense Time % Phy DF OF
1 Jassen Cullimore Jean-Luc Grand-Pierre 60 1 2 2
2 Mark Fraser Marc-André Bergeron 40 1 2 2
4 vs 4 Forward
Center Wing Time % Phy DF OF
1 Kirk Maltby Viktor Stalberg 60 1 2 2
2 Dave Bolland Mike Grier 40 1 2 2
4 vs 4 Defense
Defense Defense Time % Phy DF OF
1 Jassen Cullimore Marc-André Bergeron 60 1 2 2
2 Jean-Luc Grand-Pierre Mike Weber 40 1 2 2
Last Minutes Offensive
Center Left Wing Right Wing Defense Defense
Dave Bolland Viktor Stalberg Mike Grier Marc-André Bergeron Jassen Cullimore
Last Minutes Defensive
Center Left Wing Right Wing Defense Defense
Alyn McCauley Kirk Maltby Chris Conner Jean-Luc Grand-Pierre Jassen Cullimore
Goaltenders
Starting : Karri Ramo
Backup : Curtis McElhinney
Extra Forwards
Normal : Petteri Nokelainen, Jimmie Olvestad, Ryan White - PP : Petteri Nokelainen, Kris Chucko - PK : Ryan White
Extra Defensemen
Normal : Mark Fraser, Adam McQuaid, Justin Falk - PP : Marc-André Bergeron - PK : Adam McQuaid, Marc-André Bergeron
Penalty Shots
Viktor Stalberg, Mike Grier, Jimmie Olvestad, Chris Conner, Alyn McCauley
River Rats
5 vs 5 Forward
Center Left Wing Right Wing Time % Phy DF OF
1 Dustin Boyd Chris Mcallister Lee Stempniak 40 1 2 2
2 Tyler Bozak Brett Maclean Mikael Renberg 30 1 2 2
3 Benn Ferriero Jesse Joensuu Trent Hunter 20 1 2 2
4 Kyle Chipchura Bryan Bickell Jay Beagle 10 1 2 2
5 vs 5 Defense
Defense Defense Time % Phy DF OF
1 Andrej Meszaros Jonathan Ericsson 40 1 2 2
2 Martin Grenier Niklas Hjalmarsson 30 1 2 2
3 Josh Meyers Bryan Rodney 20 1 2 2
4 Niklas Hjalmarsson Bryan Rodney 10 1 2 2
PowerPlay Forward
Center Left Wing Right Wing Time % Phy DF OF
1 Dustin Boyd Chris Mcallister Lee Stempniak 60 1 2 2
2 Tyler Bozak Brett Maclean Mikael Renberg 40 1 2 2
PowerPlay Defense
Defense Defense Time % Phy DF OF
1 Martin Grenier Jonathan Ericsson 60 1 2 2
2 Niklas Hjalmarsson Andrej Meszaros 40 1 2 2
Penalty Kill 4 Players Forward
Center Wing Time % Phy DF OF
1 Kyle Chipchura Mikael Renberg 60 1 2 2
2 Dustin Boyd Chris Mcallister 40 1 2 2
Penalty Kill 4 Players Defense
Defense Defense Time % Phy DF OF
1 Andrej Meszaros Niklas Hjalmarsson 60 1 2 2
2 Josh Meyers Jonathan Ericsson 40 1 2 2
Penalty Kill - 3 Players Forward
Forward Time % Phy DF OF
1 Kyle Chipchura 60 1 2 2
2 Mikael Renberg 40 1 2 2
Penalty Kill - 3 Players Defense
Defense Defense Time % Phy DF OF
1 Jonathan Ericsson Niklas Hjalmarsson 60 1 2 2
2 Andrej Meszaros Martin Grenier 40 1 2 2
4 vs 4 Forward
Center Wing Time % Phy DF OF
1 Tyler Bozak Lee Stempniak 60 1 2 2
2 Dustin Boyd Chris Mcallister 40 1 2 2
4 vs 4 Defense
Defense Defense Time % Phy DF OF
1 Andrej Meszaros Niklas Hjalmarsson 60 1 2 2
2 Jonathan Ericsson Martin Grenier 40 1 2 2
Last Minutes Offensive
Center Left Wing Right Wing Defense Defense
Dustin Boyd Chris Mcallister Lee Stempniak Martin Grenier Jonathan Ericsson
Last Minutes Defensive
Center Left Wing Right Wing Defense Defense
Dustin Boyd Chris Mcallister Lee Stempniak Martin Grenier Jonathan Ericsson
Goaltenders
Starting : Jeff Glass
Backup : Barry Brust
Extra Forwards
Normal : Bryan Bickell, Brett Maclean, Mikael Renberg - PP : Bryan Bickell, Brett Maclean - PK : Lee Stempniak
Extra Defensemen
Normal : Jonathan Ericsson, Josh Meyers, Andrej Meszaros - PP : Bryan Rodney - PK : Josh Meyers, Andrej Meszaros
Penalty Shots
Lee Stempniak, Mikael Renberg, Dustin Boyd, Chris Mcallister, Benn Ferriero
% Time on Ice - Punishers
Lines # - Real PCT - Wanted PCT - Time Play
Normal Forward
1 - 34% - 40% - 18:32
2 - 29% - 30% - 15:39
3 - 23% - 20% - 12:09
4 - 14% - 10% - 7:27
Normal Defense
1 - 39% - 40% - 20:55
2 - 29% - 30% - 15:36
3 - 20% - 20% - 11:00
4 - 12% - 10% - 6:16
PP Forward
1 - 0% - 60%
2 - 0% - 40%
PP Defense
1 - 0% - 60%
2 - 0% - 40%
PK Forward
1 - 83% - 60% - 5:11
2 - 17% - 40% - 1:02
PK Defense
1 - 70% - 60% - 4:21
2 - 30% - 40% - 1:52
PK3 Forward
1 - 0% - 60%
2 - 0% - 40%
PK3 Defense
1 - 0% - 60%
2 - 0% - 40%
44 Forward
1 - 77% - 60% - 2:26
2 - 23% - 40% - 0:44
44 Defense
1 - 78% - 60% - 2:28
2 - 22% - 40% - 0:42
Last Minute Offensive - 0:00
Last Minute Defensive - 0:00
Total
Forward - 63:10
Defense - 63:10
|
% Time on Ice - River Rats
Lines # - Real PCT - Wanted PCT - Time Play
Normal Forward
1 - 37% - 40% - 19:42
2 - 27% - 30% - 14:27
3 - 23% - 20% - 12:17
4 - 14% - 10% - 7:21
Normal Defense
1 - 39% - 40% - 21:00
2 - 31% - 30% - 16:27
3 - 23% - 20% - 12:20
4 - 7% - 10% - 4:00
PP Forward
1 - 53% - 60% - 3:18
2 - 47% - 40% - 2:55
PP Defense
1 - 57% - 60% - 3:34
2 - 43% - 40% - 2:39
PK Forward
1 - 0% - 60%
2 - 0% - 40%
PK Defense
1 - 0% - 60%
2 - 0% - 40%
PK3 Forward
1 - 0% - 60%
2 - 0% - 40%
PK3 Defense
1 - 0% - 60%
2 - 0% - 40%
44 Forward
1 - 70% - 60% - 2:13
2 - 30% - 40% - 0:57
44 Defense
1 - 61% - 60% - 1:55
2 - 39% - 40% - 1:15
Last Minute Offensive - 0:00
Last Minute Defensive - 0:00
Total
Forward - 63:10
Defense - 63:10
|
Play by Play
1st period
0:01 of 1st period - Dustin Boyd wins face-off versus Dave Bolland in neutral zone.
0:26 of 1st period - Viktor Stalberg is hit by Andrej Meszaros.
0:32 of 1st period - Slapshot by Trent Hunter.
0:32 of 1st period - Shot Blocked by Jassen Cullimore.
0:34 of 1st period - Slapshot by Niklas Hjalmarsson.
0:34 of 1st period - Stopped by Karri Ramo without a rebound.
0:35 of 1st period - Alyn McCauley wins face-off versus Brett Maclean in Punishers zone.
0:42 of 1st period - Wrist shot by Mikael Renberg.
0:42 of 1st period - Shot Misses the Net.
0:44 of 1st period - Slapshot by Martin Grenier.
0:44 of 1st period - Deflect By Tyler Bozak.
0:44 of 1st period - Shot Misses the Net.
0:44 of 1st period - Puck is out of play.
0:45 of 1st period - Alyn McCauley wins face-off versus Tyler Bozak in Punishers zone.
1:03 of 1st period - Snap shot by Mikael Renberg.
1:03 of 1st period - Stopped by Karri Ramo with a rebound.
1:05 of 1st period - Snap shot by Mikael Renberg.
1:05 of 1st period - Shot Blocked by Jean-Luc Grand-Pierre.
1:07 of 1st period - Wrist shot by Bryan Rodney.
1:07 of 1st period - Shot Blocked by Jean-Luc Grand-Pierre.
1:09 of 1st period - Snap shot by Niklas Hjalmarsson.
1:09 of 1st period - Stopped by Karri Ramo with a rebound.
1:15 of 1st period - Snap shot by Tyler Bozak.
1:15 of 1st period - Stopped by Karri Ramo with a rebound.
1:17 of 1st period - Slapshot by Martin Grenier.
1:17 of 1st period - Shot Blocked by Alyn McCauley.
1:19 of 1st period - Wrist shot by Brett Maclean.
1:19 of 1st period - Stopped by Karri Ramo without a rebound.
1:20 of 1st period - Dustin Boyd wins face-off versus Petteri Nokelainen in Punishers zone.
1:47 of 1st period - Bryan Bickell is hit by Adam McQuaid and loses puck.
1:52 of 1st period - Wrist shot by Kris Chucko.
1:52 of 1st period - Shot Misses the Net.
1:54 of 1st period - Slapshot by Justin Falk.
1:54 of 1st period - Stopped by Jeff Glass without a rebound.
1:55 of 1st period - Dave Bolland wins face-off versus Benn Ferriero in River Rats zone.
2:02 of 1st period - Wrist shot by Viktor Stalberg.
2:02 of 1st period - Stopped by Jeff Glass with a rebound.
2:04 of 1st period - Slapshot by Justin Falk.
2:04 of 1st period - Stopped by Jeff Glass without a rebound.
2:05 of 1st period - Benn Ferriero wins face-off versus Dave Bolland in River Rats zone.
3:04 of 1st period - Snap shot by Dave Bolland.
3:04 of 1st period - Shot Blocked by Jonathan Ericsson.
3:06 of 1st period - Wrist shot by Mike Grier.
3:06 of 1st period - Stopped by Jeff Glass with a rebound.
3:08 of 1st period - Slapshot by Jassen Cullimore.
3:08 of 1st period - Deflect By Dave Bolland.
3:08 of 1st period - Shot Misses the Net.
3:08 of 1st period - Puck is out of play.
3:09 of 1st period - Dustin Boyd wins face-off versus Petteri Nokelainen in River Rats zone.
3:16 of 1st period - Wrist shot by Dustin Boyd.
3:16 of 1st period - Shot Misses the Net.
4:24 of 1st period - Mike Weber is hit by Tyler Bozak and loses puck.
4:39 of 1st period - Snap shot by Lee Stempniak.
4:39 of 1st period - Stopped by Karri Ramo with a rebound.
5:49 of 1st period - Marc-André Bergeron is hit by Dustin Boyd and loses puck.
6:28 of 1st period - Slapshot by Andrej Meszaros.
6:28 of 1st period - Shot Blocked by Kirk Maltby.
6:30 of 1st period - Snap shot by Kyle Chipchura.
6:30 of 1st period - Stopped by Karri Ramo without a rebound.
6:31 of 1st period - Alyn McCauley wins face-off versus Kyle Chipchura in Punishers zone.
7:35 of 1st period - Wrist shot by Lee Stempniak.
7:35 of 1st period - Shot Blocked by Marc-André Bergeron.
7:37 of 1st period - Wrist shot by Lee Stempniak.
7:37 of 1st period - Deflect By Dustin Boyd.
7:37 of 1st period - Deflect By Kirk Maltby.
7:37 of 1st period - Shot Misses the Net.
7:37 of 1st period - Puck is out of play.
7:38 of 1st period - Dave Bolland wins face-off versus Brett Maclean in Punishers zone.
8:10 of 1st period - Snap shot by Trent Hunter.
8:10 of 1st period - Stopped by Karri Ramo with a rebound.
8:12 of 1st period - Slapshot by Jesse Joensuu.
8:12 of 1st period - Stopped by Karri Ramo with a rebound.
8:14 of 1st period - Snap shot by Bryan Rodney.
8:14 of 1st period - Stopped by Karri Ramo with a rebound.
8:26 of 1st period - Jonathan Ericsson is hit by Mike Weber and loses puck.
8:37 of 1st period - Snap shot by Ryan White.
8:37 of 1st period - Shot Misses the Net.
9:19 of 1st period - Snap shot by Dustin Boyd.
9:19 of 1st period - Stopped by Karri Ramo with a rebound.
9:21 of 1st period - Slapshot by Jonathan Ericsson.
9:21 of 1st period - Shot Blocked by Jean-Luc Grand-Pierre.
9:23 of 1st period - Wrist shot by Chris Mcallister.
9:23 of 1st period - Shot Misses the Net.
10:27 of 1st period - Wrist shot by Brett Maclean.
10:27 of 1st period - Shot Misses the Net.
10:29 of 1st period - Snap shot by Mikael Renberg.
10:29 of 1st period - Stopped by Karri Ramo with a rebound.
10:56 of 1st period - Snap shot by Kris Chucko.
10:56 of 1st period - Stopped by Jeff Glass without a rebound.
10:57 of 1st period - Dustin Boyd wins face-off versus Ryan White in River Rats zone.
10:57 of 1st period - Dustin Boyd is hit by Mike Blunden.
11:09 of 1st period - Snap shot by Mike Blunden.
11:09 of 1st period - Deflect By Kris Chucko.
11:09 of 1st period - Stopped by Jeff Glass with a rebound.
11:33 of 1st period - Wrist shot by Viktor Stalberg.
11:33 of 1st period - Shot Blocked by Andrej Meszaros.
12:09 of 1st period - Wrist shot by Bryan Bickell.
12:09 of 1st period - Stopped by Karri Ramo without a rebound.
12:10 of 1st period - Dustin Boyd wins face-off versus Dave Bolland in Punishers zone.
12:29 of 1st period - Viktor Stalberg is hit by Lee Stempniak and loses puck.
12:52 of 1st period - Wrist shot by Mikael Renberg.
12:52 of 1st period - Shot Blocked by Mike Weber.
12:54 of 1st period - Slapshot by Niklas Hjalmarsson.
12:54 of 1st period - Shot Misses the Net.
13:08 of 1st period - Snap shot by Jimmie Olvestad.
13:08 of 1st period - Deflect By Petteri Nokelainen.
13:08 of 1st period - Shot Misses the Net.
13:08 of 1st period - Puck is out of play.
13:09 of 1st period - Jimmie Olvestad wins face-off versus Tyler Bozak in River Rats zone.
13:16 of 1st period - Snap shot by Adam Pineault.
13:16 of 1st period - Shot Misses the Net.
13:32 of 1st period - Wrist shot by Petteri Nokelainen.
13:32 of 1st period - Stopped by Jeff Glass with a rebound.
13:34 of 1st period - Snap shot by Petteri Nokelainen.
13:34 of 1st period - Stopped by Jeff Glass with a rebound.
13:40 of 1st period - Wrist shot by Petteri Nokelainen.
13:40 of 1st period - Shot Misses the Net.
13:42 of 1st period - Slapshot by Mark Fraser.
13:42 of 1st period - Shot Misses the Net.
13:44 of 1st period - Slapshot by Adam Pineault.
13:44 of 1st period - Stopped by Jeff Glass without a rebound.
13:45 of 1st period - Dustin Boyd wins face-off versus Dave Bolland in River Rats zone.
14:30 of 1st period - Wrist shot by Dustin Boyd.
14:30 of 1st period - Stopped by Karri Ramo with a rebound.
14:34 of 1st period - Wrist shot by Dustin Boyd.
14:34 of 1st period - Stopped by Karri Ramo with a rebound.
14:36 of 1st period - Wrist shot by Lee Stempniak.
14:36 of 1st period - Shot Blocked by Jassen Cullimore.
14:38 of 1st period - Wrist shot by Lee Stempniak.
14:38 of 1st period - Shot Blocked by Jassen Cullimore.
15:16 of 1st period - Snap shot by Chris Mcallister.
15:16 of 1st period - Stopped by Karri Ramo with a rebound.
15:39 of 1st period - Lee Stempniak is hit by Dave Bolland and loses puck.
15:56 of 1st period - Slapshot by Mike Grier.
15:56 of 1st period - Stopped by Jeff Glass with a rebound.
16:01 of 1st period - Off-side.
16:02 of 1st period - Alyn McCauley wins face-off versus Tyler Bozak in neutral zone.
17:09 of 1st period - Wrist shot by Alyn McCauley.
17:09 of 1st period - Stopped by Jeff Glass with a rebound.
17:11 of 1st period - Slapshot by Justin Falk.
17:11 of 1st period - Shot Misses the Net.
17:13 of 1st period - Wrist shot by Chris Conner.
17:13 of 1st period - Stopped by Jeff Glass without a rebound.
17:14 of 1st period - Tyler Bozak wins face-off versus Petteri Nokelainen in River Rats zone.
17:14 of 1st period - Tyler Bozak is hit by Jimmie Olvestad.
17:44 of 1st period - Kyle Chipchura is hit by Mark Fraser.
17:48 of 1st period - Jean-Luc Grand-Pierre is hit by Bryan Bickell and loses puck.
18:07 of 1st period - Jimmie Olvestad is hit by Josh Meyers and loses puck.
18:28 of 1st period - Ryan White is hit by Andrej Meszaros and loses puck.
18:40 of 1st period - Icing by Adam Pineault.
18:41 of 1st period - Adam Pineault wins face-off versus Tyler Bozak in Punishers zone.
19:08 of 1st period - Icing by Chris Conner.
19:09 of 1st period - Kyle Chipchura wins face-off versus Alyn McCauley in Punishers zone.
19:10 of 1st period - Slapshot by Bryan Rodney.
19:10 of 1st period - Deflect By Jay Beagle.
19:10 of 1st period - Shot Misses the Net.
19:10 of 1st period - Puck is out of play.
19:11 of 1st period - Dustin Boyd wins face-off versus Viktor Stalberg in Punishers zone.
19:12 of 1st period - Slapshot by Lee Stempniak.
19:12 of 1st period - Stopped by Karri Ramo with a rebound.
19:14 of 1st period - Wrist shot by Chris Mcallister.
19:14 of 1st period - Deflect By Lee Stempniak.
19:14 of 1st period - Shot Blocked by Jassen Cullimore.
19:14 of 1st period - Puck is out of play.
19:15 of 1st period - Dustin Boyd wins face-off versus Viktor Stalberg in Punishers zone.
19:16 of 1st period - Snap shot by Lee Stempniak.
19:16 of 1st period - Shot Blocked by Dave Bolland.
19:18 of 1st period - Wrist shot by Chris Mcallister.
19:18 of 1st period - Stopped by Karri Ramo without a rebound.
19:19 of 1st period - Dave Bolland wins face-off versus Dustin Boyd in Punishers zone.
19:24 of 1st period - Slapshot by Viktor Stalberg.
19:24 of 1st period - Shot Misses the Net.
2nd period
0:01 of 2nd period - Dave Bolland wins face-off versus Dustin Boyd in neutral zone.
0:30 of 2nd period - Wrist shot by Kirk Maltby.
0:30 of 2nd period - Stopped by Jeff Glass with a rebound.
1:14 of 2nd period - Slapshot by Marc-André Bergeron.
1:14 of 2nd period - Stopped by Jeff Glass with a rebound.
1:56 of 2nd period - Snap shot by Alyn McCauley.
1:56 of 2nd period - Shot Misses the Net.
2:08 of 2nd period - Wrist shot by Jesse Joensuu.
2:08 of 2nd period - Stopped by Karri Ramo with a rebound.
2:10 of 2nd period - Slapshot by Niklas Hjalmarsson.
2:10 of 2nd period - Shot Misses the Net.
2:14 of 2nd period - Wrist shot by Benn Ferriero.
2:14 of 2nd period - Shot Misses the Net.
2:18 of 2nd period - Slapshot by Benn Ferriero.
2:18 of 2nd period - Stopped by Karri Ramo with a rebound.
2:20 of 2nd period - Wrist shot by Benn Ferriero.
2:20 of 2nd period - Stopped by Karri Ramo with a rebound.
2:32 of 2nd period - Snap shot by Ryan White.
2:32 of 2nd period - Shot Misses the Net.
2:50 of 2nd period - Mike Weber is hit by Dustin Boyd and loses puck.
4:07 of 2nd period - Slapshot by Bryan Bickell.
4:07 of 2nd period - Shot Misses the Net.
4:09 of 2nd period - Snap shot by Kyle Chipchura.
4:09 of 2nd period - Shot Misses the Net.
4:17 of 2nd period - Kyle Chipchura is hit by Chris Conner and loses puck.
4:41 of 2nd period - Marc-André Bergeron is hit by Dustin Boyd and loses puck.
5:15 of 2nd period - Lee Stempniak is hit by Jimmie Olvestad and loses puck.
5:29 of 2nd period - Minor Penalty to Jimmie Olvestad for Hooking.
5:30 of 2nd period - Tyler Bozak wins face-off versus Mike Grier in Punishers zone.
5:41 of 2nd period - Slapshot by Mikael Renberg.
5:41 of 2nd period - Shot Misses the Net.
5:43 of 2nd period - Snap shot by Tyler Bozak.
5:43 of 2nd period - Shot Misses the Net.
5:45 of 2nd period - Snap shot by Tyler Bozak.
5:45 of 2nd period - Goal by Tyler Bozak - Punishers : 0 - River Rats : 1.
5:46 of 2nd period - Tyler Bozak wins face-off versus Dave Bolland in neutral zone.
6:11 of 2nd period - Dave Bolland is hit by Josh Meyers and loses puck.
6:16 of 2nd period - Snap shot by Trent Hunter.
6:16 of 2nd period - Stopped by Karri Ramo with a rebound.
6:18 of 2nd period - Snap shot by Martin Grenier.
6:18 of 2nd period - Stopped by Karri Ramo without a rebound.
6:19 of 2nd period - Dustin Boyd wins face-off versus Alyn McCauley in Punishers zone.
7:09 of 2nd period - Wrist shot by Kris Chucko.
7:09 of 2nd period - Stopped by Jeff Glass with a rebound.
7:11 of 2nd period - Snap shot by Jassen Cullimore.
7:11 of 2nd period - Shot Misses the Net.
7:13 of 2nd period - Slapshot by Jassen Cullimore.
7:13 of 2nd period - Stopped by Jeff Glass without a rebound.
7:14 of 2nd period - Dave Bolland wins face-off versus Dustin Boyd in River Rats zone.
7:46 of 2nd period - Snap shot by Tyler Bozak.
7:46 of 2nd period - Stopped by Karri Ramo with a rebound.
7:49 of 2nd period - Icing by Chris Conner.
7:50 of 2nd period - Dustin Boyd wins face-off versus Alyn McCauley in Punishers zone.
8:28 of 2nd period - Snap shot by Dave Bolland.
8:28 of 2nd period - Stopped by Jeff Glass without a rebound.
8:29 of 2nd period - Dave Bolland wins face-off versus Dustin Boyd in River Rats zone.
9:05 of 2nd period - Wrist shot by Brett Maclean.
9:05 of 2nd period - Shot Blocked by Chris Conner.
9:17 of 2nd period - Martin Grenier is hit by Alyn McCauley and loses puck.
9:22 of 2nd period - Snap shot by Alyn McCauley.
9:22 of 2nd period - Stopped by Jeff Glass with a rebound.
9:50 of 2nd period - Snap shot by Alyn McCauley.
9:50 of 2nd period - Deflect By Chris Conner.
9:50 of 2nd period - Shot Blocked by Tyler Bozak.
9:50 of 2nd period - Puck is out of play.
9:51 of 2nd period - Lee Stempniak wins face-off versus Dave Bolland in River Rats zone.
10:16 of 2nd period - Andrej Meszaros is hit by Adam Pineault and loses puck.
10:23 of 2nd period - Slapshot by Bryan Rodney.
10:23 of 2nd period - Stopped by Karri Ramo with a rebound.
10:25 of 2nd period - Wrist shot by Jesse Joensuu.
10:25 of 2nd period - Deflect By Benn Ferriero.
10:25 of 2nd period - Stopped by Karri Ramo with a rebound.
10:35 of 2nd period - Snap shot by Marc-André Bergeron.
10:35 of 2nd period - Shot Misses the Net.
10:37 of 2nd period - Wrist shot by Jassen Cullimore.
10:37 of 2nd period - Goal by Jassen Cullimore - Punishers : 1 - River Rats : 1.
10:38 of 2nd period - Dave Bolland wins face-off versus Dustin Boyd in neutral zone.
10:48 of 2nd period - Icing by Jonathan Ericsson.
10:49 of 2nd period - Dave Bolland wins face-off versus Dustin Boyd in River Rats zone.
10:50 of 2nd period - Wrist shot by Viktor Stalberg.
10:50 of 2nd period - Stopped by Jeff Glass without a rebound.
10:51 of 2nd period - Lee Stempniak wins face-off versus Dave Bolland in River Rats zone.
11:33 of 2nd period - Jonathan Ericsson is hit by Alyn McCauley and loses puck.
12:06 of 2nd period - Snap shot by Trent Hunter.
12:06 of 2nd period - Stopped by Karri Ramo without a rebound.
12:07 of 2nd period - Dave Bolland wins face-off versus Dustin Boyd in Punishers zone.
12:37 of 2nd period - Wrist shot by Alyn McCauley.
12:37 of 2nd period - Stopped by Jeff Glass without a rebound.
12:38 of 2nd period - Tyler Bozak wins face-off versus Alyn McCauley in River Rats zone.
13:13 of 2nd period - Snap shot by Petteri Nokelainen.
13:13 of 2nd period - Goal by Petteri Nokelainen - Punishers : 2 - River Rats : 1.
13:14 of 2nd period - Dustin Boyd wins face-off versus Viktor Stalberg in neutral zone.
13:21 of 2nd period - Backhand shot by Dustin Boyd.
13:21 of 2nd period - Shot Blocked by Mark Fraser.
13:44 of 2nd period - Tyler Bozak is hit by Chris Conner and loses puck.
14:05 of 2nd period - Niklas Hjalmarsson is hit by Jimmie Olvestad and loses puck.
14:26 of 2nd period - Snap shot by Bryan Bickell.
14:26 of 2nd period - Shot Misses the Net.
15:06 of 2nd period - Off-side.
15:07 of 2nd period - Dave Bolland wins face-off versus Tyler Bozak in neutral zone.
15:38 of 2nd period - Icing by Lee Stempniak.
15:39 of 2nd period - Dustin Boyd wins face-off versus Alyn McCauley in River Rats zone.
15:47 of 2nd period - Off-side.
15:48 of 2nd period - Dave Bolland wins face-off versus Dustin Boyd in neutral zone.
16:03 of 2nd period - Backhand shot by Dustin Boyd.
16:03 of 2nd period - Shot Misses the Net.
16:13 of 2nd period - Marc-André Bergeron is hit by Josh Meyers and loses puck.
16:33 of 2nd period - Off-side.
16:34 of 2nd period - Alyn McCauley wins face-off versus Tyler Bozak in neutral zone.
16:45 of 2nd period - Wrist shot by Kirk Maltby.
16:45 of 2nd period - Stopped by Jeff Glass with a rebound.
16:59 of 2nd period - Jimmie Olvestad is hit by Dustin Boyd and loses puck.
17:20 of 2nd period - Slapshot by Jesse Joensuu.
17:20 of 2nd period - Shot Misses the Net.
17:49 of 2nd period - Snap shot by Kirk Maltby.
17:49 of 2nd period - Shot Misses the Net.
17:51 of 2nd period - Snap shot by Kirk Maltby.
17:51 of 2nd period - Shot Blocked by Bryan Rodney.
18:11 of 2nd period - Tyler Bozak is hit by Mike Grier and loses puck.
18:46 of 2nd period - Snap shot by Andrej Meszaros.
18:46 of 2nd period - Deflect By Trent Hunter.
18:46 of 2nd period - Shot Misses the Net.
18:46 of 2nd period - Puck is out of play.
18:47 of 2nd period - Tyler Bozak wins face-off versus Alyn McCauley in Punishers zone.
18:49 of 2nd period - Minor Penalty to Jean-Luc Grand-Pierre for High sticking.
18:50 of 2nd period - Dustin Boyd wins face-off versus Mike Grier in Punishers zone.
19:45 of 2nd period - Andrej Meszaros is hit by Mark Fraser and loses puck.
3rd period
0:01 of 3rd period - Dustin Boyd wins face-off versus Mike Grier in neutral zone.
0:12 of 3rd period - Martin Grenier is hit by Jassen Cullimore.
0:46 of 3rd period - Tyler Bozak is hit by Marc-André Bergeron and loses puck.
0:49 of 3rd period - Penalty to Jean-Luc Grand-Pierre is over, Jean-Luc Grand-Pierre is back on ice.
0:57 of 3rd period - Snap shot by Jimmie Olvestad.
0:57 of 3rd period - Shot Misses the Net.
0:59 of 3rd period - Slapshot by Mark Fraser.
0:59 of 3rd period - Shot Misses the Net.
1:01 of 3rd period - Backhand shot by Mark Fraser.
1:01 of 3rd period - Deflect By Andrej Meszaros.
1:01 of 3rd period - Stopped by Jeff Glass with a rebound.
1:03 of 3rd period - Snap shot by Mark Fraser.
1:03 of 3rd period - Shot Blocked by Niklas Hjalmarsson.
1:05 of 3rd period - Slapshot by Mark Fraser.
1:05 of 3rd period - Shot Misses the Net.
1:07 of 3rd period - Snap shot by Jimmie Olvestad.
1:07 of 3rd period - Stopped by Jeff Glass with a rebound.
1:09 of 3rd period - Slapshot by Marc-André Bergeron.
1:09 of 3rd period - Shot Blocked by Tyler Bozak.
1:11 of 3rd period - Wrist shot by Jimmie Olvestad.
1:11 of 3rd period - Stopped by Jeff Glass with a rebound.
1:33 of 3rd period - Snap shot by Jimmie Olvestad.
1:33 of 3rd period - Deflect By Chris Conner.
1:33 of 3rd period - Shot Misses the Net.
1:33 of 3rd period - Puck is out of play.
1:34 of 3rd period - Dustin Boyd wins face-off versus Dave Bolland in River Rats zone.
1:43 of 3rd period - Viktor Stalberg is hit by Chris Mcallister and loses puck.
1:49 of 3rd period - Icing by Viktor Stalberg.
1:50 of 3rd period - Benn Ferriero wins face-off versus Dave Bolland in Punishers zone.
1:57 of 3rd period - Wrist shot by Jesse Joensuu.
1:57 of 3rd period - Stopped by Karri Ramo without a rebound.
1:58 of 3rd period - Benn Ferriero wins face-off versus Dave Bolland in Punishers zone.
2:13 of 3rd period - Minor Penalty to Mike Grier for Roughing.
2:14 of 3rd period - Dustin Boyd wins face-off versus Ryan White in Punishers zone.
4:13 of 3rd period - Penalty to Mike Grier is over, Mike Grier is back on ice.
4:21 of 3rd period - Mike Blunden is hit by Jonathan Ericsson and loses puck.
4:56 of 3rd period - Jesse Joensuu is hit by Mike Weber and loses puck.
5:07 of 3rd period - Adam McQuaid is hit by Bryan Bickell and loses puck.
5:20 of 3rd period - Mikael Renberg is hit by Adam McQuaid.
6:25 of 3rd period - Snap shot by Viktor Stalberg.
6:25 of 3rd period - Stopped by Jeff Glass with a rebound.
6:27 of 3rd period - Snap shot by Dave Bolland.
6:27 of 3rd period - Shot Misses the Net.
7:04 of 3rd period - Snap shot by Jay Beagle.
7:04 of 3rd period - Stopped by Karri Ramo with a rebound.
7:14 of 3rd period - Slapshot by Jean-Luc Grand-Pierre.
7:14 of 3rd period - Stopped by Jeff Glass with a rebound.
7:16 of 3rd period - Slapshot by Jimmie Olvestad.
7:16 of 3rd period - Stopped by Jeff Glass with a rebound.
7:18 of 3rd period - Snap shot by Jimmie Olvestad.
7:18 of 3rd period - Stopped by Jeff Glass without a rebound.
7:19 of 3rd period - Dustin Boyd wins face-off versus Petteri Nokelainen in River Rats zone.
7:26 of 3rd period - Slapshot by Dustin Boyd.
7:26 of 3rd period - Deflect By Lee Stempniak.
7:26 of 3rd period - Shot Misses the Net.
7:26 of 3rd period - Puck is out of play.
7:27 of 3rd period - Dustin Boyd wins face-off versus Dave Bolland in Punishers zone.
8:16 of 3rd period - Wrist shot by Kris Chucko.
8:16 of 3rd period - Shot Misses the Net.
8:18 of 3rd period - Slapshot by Marc-André Bergeron.
8:18 of 3rd period - Deflect By Jonathan Ericsson.
8:18 of 3rd period - Stopped by Jeff Glass without a rebound.
8:19 of 3rd period - Tyler Bozak wins face-off versus Ryan White in River Rats zone.
8:19 of 3rd period - Tyler Bozak is hit by Kris Chucko.
8:33 of 3rd period - Wrist shot by Jassen Cullimore.
8:33 of 3rd period - Deflect By Kris Chucko.
8:33 of 3rd period - Stopped by Jeff Glass with a rebound.
8:35 of 3rd period - Snap shot by Mike Blunden.
8:35 of 3rd period - Deflect By Ryan White.
8:35 of 3rd period - Stopped by Jeff Glass with a rebound.
8:37 of 3rd period - Backhand shot by Ryan White.
8:37 of 3rd period - Shot Misses the Net.
8:50 of 3rd period - Wrist shot by Ryan White.
8:50 of 3rd period - Stopped by Jeff Glass without a rebound.
8:51 of 3rd period - Jesse Joensuu wins face-off versus Dave Bolland in River Rats zone.
9:00 of 3rd period - Wrist shot by Dave Bolland.
9:00 of 3rd period - Stopped by Jeff Glass with a rebound.
9:02 of 3rd period - Slapshot by Mark Fraser.
9:02 of 3rd period - Shot Misses the Net.
9:04 of 3rd period - Slapshot by Jean-Luc Grand-Pierre.
9:04 of 3rd period - Stopped by Jeff Glass with a rebound.
9:06 of 3rd period - Slapshot by Jean-Luc Grand-Pierre.
9:06 of 3rd period - Deflect By Mike Grier.
9:06 of 3rd period - Stopped by Jeff Glass with a rebound.
9:24 of 3rd period - Slapshot by Jonathan Ericsson.
9:24 of 3rd period - Shot Misses the Net.
9:26 of 3rd period - Snap shot by Jay Beagle.
9:26 of 3rd period - Goal by Jay Beagle - Punishers : 2 - River Rats : 2.
9:27 of 3rd period - Dave Bolland wins face-off versus Dustin Boyd in neutral zone.
9:58 of 3rd period - Tyler Bozak is hit by Kirk Maltby and loses puck.
10:00 of 3rd period - Minor Penalty to Jassen Cullimore for Tripping.
10:01 of 3rd period - Dustin Boyd wins face-off versus Mike Grier in Punishers zone.
10:55 of 3rd period - Marc-André Bergeron is hit by Lee Stempniak and loses puck.
12:00 of 3rd period - Penalty to Jassen Cullimore is over, Jassen Cullimore is back on ice.
12:04 of 3rd period - Backhand shot by Marc-André Bergeron.
12:04 of 3rd period - Stopped by Jeff Glass with a rebound.
12:10 of 3rd period - Wrist shot by Andrej Meszaros.
12:10 of 3rd period - Shot Misses the Net.
12:12 of 3rd period - Slapshot by Niklas Hjalmarsson.
12:12 of 3rd period - Stopped by Karri Ramo with a rebound.
12:14 of 3rd period - Wrist shot by Niklas Hjalmarsson.
12:14 of 3rd period - Stopped by Karri Ramo without a rebound.
12:15 of 3rd period - Benn Ferriero wins face-off versus Ryan White in Punishers zone.
13:46 of 3rd period - Andrej Meszaros is hit by Mike Grier and loses puck.
14:11 of 3rd period - Slapshot by Viktor Stalberg.
14:11 of 3rd period - Deflect By Trent Hunter.
14:11 of 3rd period - Stopped by Jeff Glass with a rebound.
14:30 of 3rd period - Snap shot by Benn Ferriero.
14:30 of 3rd period - Stopped by Karri Ramo with a rebound.
14:32 of 3rd period - Snap shot by Benn Ferriero.
14:32 of 3rd period - Shot Misses the Net.
14:34 of 3rd period - Wrist shot by Jesse Joensuu.
14:34 of 3rd period - Stopped by Karri Ramo with a rebound.
14:44 of 3rd period - Wrist shot by Trent Hunter.
14:44 of 3rd period - Stopped by Karri Ramo with a rebound.
14:50 of 3rd period - Snap shot by Trent Hunter.
14:50 of 3rd period - Shot Misses the Net.
14:52 of 3rd period - Slapshot by Jonathan Ericsson.
14:52 of 3rd period - Stopped by Karri Ramo with a rebound.
14:54 of 3rd period - Slapshot by Andrej Meszaros.
14:54 of 3rd period - Shot Misses the Net.
14:56 of 3rd period - Snap shot by Trent Hunter.
14:56 of 3rd period - Shot Hit the Post.
15:00 of 3rd period - Wrist shot by Benn Ferriero.
15:00 of 3rd period - Shot Blocked by Adam McQuaid.
15:02 of 3rd period - Wrist shot by Trent Hunter.
15:02 of 3rd period - Shot Misses the Net.
15:04 of 3rd period - Wrist shot by Andrej Meszaros.
15:04 of 3rd period - Stopped by Karri Ramo with a rebound.
15:06 of 3rd period - Wrist shot by Jesse Joensuu.
15:06 of 3rd period - Stopped by Karri Ramo without a rebound.
15:07 of 3rd period - Dustin Boyd wins face-off versus Petteri Nokelainen in Punishers zone.
15:16 of 3rd period - Snap shot by Petteri Nokelainen.
15:16 of 3rd period - Deflect By Adam Pineault.
15:16 of 3rd period - Shot Misses the Net.
15:16 of 3rd period - Puck is out of play.
15:17 of 3rd period - Dustin Boyd wins face-off versus Petteri Nokelainen in River Rats zone.
17:14 of 3rd period - Wrist shot by Jimmie Olvestad.
17:14 of 3rd period - Shot Blocked by Martin Grenier.
17:33 of 3rd period - Off-side.
17:34 of 3rd period - Tyler Bozak wins face-off versus Alyn McCauley in neutral zone.
17:46 of 3rd period - Off-side.
17:47 of 3rd period - Alyn McCauley wins face-off versus Trent Hunter in neutral zone.
17:52 of 3rd period - Josh Meyers is hit by Chris Conner and loses puck.
18:09 of 3rd period - Icing by Chris Conner.
18:10 of 3rd period - Alyn McCauley wins face-off versus Tyler Bozak in Punishers zone.
18:26 of 3rd period - Off-side.
18:27 of 3rd period - Benn Ferriero wins face-off versus Dave Bolland in neutral zone.
18:52 of 3rd period - Slapshot by Mikael Renberg.
18:52 of 3rd period - Stopped by Karri Ramo without a rebound.
18:53 of 3rd period - Tyler Bozak wins face-off versus Alyn McCauley in Punishers zone.
19:04 of 3rd period - Slapshot by Mikael Renberg.
19:04 of 3rd period - Shot Blocked by Jean-Luc Grand-Pierre.
19:06 of 3rd period - Snap shot by Mikael Renberg.
19:06 of 3rd period - Shot Misses the Net.
19:08 of 3rd period - Wrist shot by Mikael Renberg.
19:08 of 3rd period - Stopped by Karri Ramo with a rebound.
19:59 of 3rd period - Icing by Chris Mcallister.
Overtime #1
0:01 of 1st overtime period - Kirk Maltby wins face-off versus Tyler Bozak in neutral zone.
0:15 of 1st overtime period - Icing by Niklas Hjalmarsson.
0:16 of 1st overtime period - Tyler Bozak wins face-off versus Viktor Stalberg in River Rats zone.
1:32 of 1st overtime period - Off-side.
1:33 of 1st overtime period - Petteri Nokelainen wins face-off versus Bryan Bickell in neutral zone.
1:36 of 1st overtime period - Wrist shot by Petteri Nokelainen.
1:36 of 1st overtime period - Stopped by Jeff Glass with a rebound.
1:38 of 1st overtime period - Wrist shot by Mike Weber.
1:38 of 1st overtime period - Deflect By Jimmie Olvestad.
1:38 of 1st overtime period - Shot Misses the Net.
1:38 of 1st overtime period - Puck is out of play.
1:39 of 1st overtime period - Kirk Maltby wins face-off versus Tyler Bozak in River Rats zone.
2:16 of 1st overtime period - Martin Grenier is hit by Marc-André Bergeron and loses puck.
2:25 of 1st overtime period - Slapshot by Dave Bolland.
2:25 of 1st overtime period - Shot Misses the Net.
2:29 of 1st overtime period - Snap shot by Mike Grier.
2:29 of 1st overtime period - Shot Blocked by Martin Grenier.
2:42 of 1st overtime period - Icing by Jassen Cullimore.
2:43 of 1st overtime period - Petteri Nokelainen wins face-off versus Tyler Bozak in Punishers zone.
3:10 of 1st overtime period - Slapshot by Chris Mcallister.
3:10 of 1st overtime period - Goal by Chris Mcallister - Punishers : 2 - River Rats : 3.
Output by the SimonT Hockey Simulator (STHS) for François Prévost -- Original Page W3C XHTML 1.0 Valid